[ AOE2 MATCH · #495421651 ]
UnrankedPoles vs Incas
Player's team · LOSS
[ REPLAY ANALYSIS · EXTRACTED FROM THE RECORDED GAME ]
Feudal
10:55
Castle
24:55
Imperial
—
| APM avg | 42.6 |
| APM peak | 72 |
| eAPM avg | 22.9 |
| Villagers / military | 67 / 21 |
Focus
⚔️ 32.7% · 🌾 67.3%
Militia ×15 · Fishing Ship ×8 · Obuch ×4 · Unknown (2626) ×2 · Galley ×1 · Fire Galley ×1
Feudal
10:10
Castle
20:57
Imperial
—
| APM avg | 59.5 |
| APM peak | 114 |
| eAPM avg | 32.6 |
| Villagers / military | 47 / 1 |
Focus
⚔️ 40.6% · 🌾 59.4%
Unknown (2550) ×126 · Fishing Ship ×44 · Spearman ×1
Match map
Initial resources + every placement click. Lines = walls · curves = elevation contours. ◆ gold · ⬟ stone · ● berries · ✦ relic · ◌ wall gap
Your base· ✓ Closed at 24:55 · 36t walls · no gate
海峡's base· Open — unwalled flank
Smoothed initial terrain · ◌ = detected wall gap · hover for details
Inputs per minute
— AE | TurRomanticoH - - 海峡
Build order — AE | TurRomanticoH
First 150 of 198 actions detected
| 0:04 | Queue | Villager (Male) |
| 0:04 | Queue | Villager (Male) |
| 0:04 | Queue | Villager (Male) |
| 0:04 | Queue | Villager (Male) |
| 0:05 | Build | House |
| 0:07 | Build | House |
| 1:30 | Queue | Villager (Male) |
| 1:30 | Queue | Villager (Male) |
| 1:31 | Queue | Villager (Male) |
| 1:49 | Build | Lumber Camp |
| 2:06 | Queue | Villager (Male) |
| 2:07 | Queue | Villager (Male) |
| 2:20 | Queue | Villager (Male) |
| 2:21 | Queue | Villager (Male) |
| 2:21 | Queue | Villager (Male) |
| 2:21 | Queue | Villager (Male) |
| 2:51 | Queue | Villager (Male) |
| 2:51 | Queue | Villager (Male) |
| 2:51 | Queue | Villager (Male) |
| 3:05 | Queue | Villager (Male) |
| 3:05 | Queue | Villager (Male) |
| 3:38 | Queue | Villager (Male) |
| 3:38 | Queue | Villager (Male) |
| 3:52 | Build | House |
| 3:54 | Queue | Villager (Male) |
| 4:45 | Queue | Villager (Male) |
| 4:45 | Queue | Villager (Male) |
| 4:55 | Build | Dock |
| 5:35 | Queue | Villager (Male) |
| 5:35 | Queue | Villager (Male) |
| 5:37 | Build | Palisade Wall |
| 5:39 | Build | Palisade Wall |
| 5:42 | Build | Palisade Wall |
| 5:44 | Queue | Fishing Ship |
| 5:52 | Build | House |
| 5:54 | Queue | Villager (Male) |
| 5:55 | Queue | Villager (Male) |
| 6:24 | Queue | Villager (Male) |
| 6:24 | Queue | Villager (Male) |
| 6:25 | Queue | Villager (Male) |
| 6:25 | Queue | Villager (Male) |
| 6:29 | Queue | Fishing Ship |
| 6:54 | Queue | Fishing Ship |
| 6:57 | Queue | Villager (Male) |
| 7:23 | Build | House |
| 7:54 | Build | House |
| 8:07 | Queue | Fishing Ship |
| 8:20 | Research | Loom |
| 8:20 | Research | Loom |
| 8:24 | Build | House |
| 8:26 | Build | Palisade Wall |
| 8:27 | Build | Palisade Wall |
| 8:28 | Build | Palisade Wall |
| 8:29 | Build | Palisade Wall |
| 8:42 | Research | Feudal Age |
| 8:43 | Research | Feudal Age |
| 8:43 | Research | Feudal Age |
| 9:27 | Build | Mining Camp |
| 10:55 | Age | Feudal Age |
| 10:55 | Build | Palisade Wall |
| 10:57 | Build | Palisade Wall |
| 10:59 | Build | Palisade Wall |
| 11:00 | Build | Palisade Wall |
| 11:01 | Build | Palisade Wall |
| 11:09 | Build | Watch Tower |
| 11:11 | Queue | Villager (Male) |
| 11:23 | Build | House |
| 11:27 | Queue | Villager (Male) |
| 11:43 | Queue | Villager (Male) |
| 11:47 | Build | House |
| 11:47 | Build | Palisade Wall |
| 12:01 | Build | Mill |
| 12:19 | Queue | Villager (Male) |
| 12:30 | Research | Horse Collar |
| 12:30 | Research | Horse Collar |
| 12:36 | Queue | Fire Galley |
| 12:42 | Queue | Galley |
| 12:55 | Build | Barracks |
| 13:02 | Build | Palisade Wall |
| 13:07 | Build | Palisade Wall |
| 13:13 | Build | Palisade Wall |
| 13:18 | Queue | Villager (Male) |
| 13:28 | Build | Palisade Wall |
| 14:03 | Build | Palisade Wall |
| 14:11 | Queue | Villager (Male) |
| 14:14 | Build | Palisade Wall |
| 14:20 | Build | Palisade Wall |
| 14:25 | Queue | Villager (Male) |
| 14:36 | Research | Man-at-Arms (upgrade) |
| 14:42 | Build | Palisade Wall |
| 14:45 | Queue | Villager (Male) |
| 14:57 | Queue | Villager (Male) |
| 15:01 | Build | Farm |
| 15:01 | Build | Farm |
| 15:01 | Build | Farm |
| 15:01 | Build | Farm |
| 15:01 | Build | Farm |
| 15:02 | Build | Farm |
| 15:02 | Build | Farm |
| 15:06 | Build | Farm |
| 15:13 | Queue | Villager (Male) |
| 15:27 | Queue | Militia |
| 15:28 | Queue | Militia |
| 15:31 | Queue | Villager (Male) |
| 15:37 | Build | Palisade Wall |
| 15:54 | Build | Watch Tower |
| 15:55 | Queue | Villager (Male) |
| 16:06 | Queue | Militia |
| 16:12 | Build | Blacksmith |
| 16:16 | Build | Palisade Wall |
| 16:19 | Queue | Villager (Male) |
| 16:32 | Queue | Fishing Ship |
| 16:40 | Queue | Villager (Male) |
| 16:41 | Queue | Militia |
| 16:42 | Queue | Militia |
| 16:56 | Queue | Villager (Male) |
| 17:04 | Queue | Militia |
| 17:11 | Research | Forging |
| 17:12 | Research | Forging |
| 17:12 | Research | Forging |
| 17:16 | Build | House |
| 17:17 | Build | House |
| 17:18 | Queue | Villager (Male) |
| 17:24 | Build | House |
| 17:25 | Build | House |
| 17:33 | Queue | Villager (Male) |
| 17:37 | Build | Mill |
| 17:59 | Queue | Villager (Male) |
| 18:08 | Queue | Militia |
| 18:13 | Research | Scale Mail Armor |
| 18:13 | Research | Scale Mail Armor |
| 18:21 | Queue | Militia |
| 18:25 | Queue | Villager (Male) |
| 18:36 | Queue | Villager (Male) |
| 18:42 | Queue | Militia |
| 18:50 | Queue | Villager (Male) |
| 18:55 | Build | House |
| 18:56 | Build | House |
| 19:00 | Queue | Militia |
| 19:09 | Build | Dock |
| 19:33 | Research | Arson |
| 19:33 | Research | Arson |
| 19:43 | Queue | Villager (Male) |
| 19:58 | Build | Dock |
| 19:59 | Queue | Villager (Male) |
| 20:06 | Build | House |
| 20:07 | Build | House |
| 20:13 | Queue | Fishing Ship |
| 20:14 | Queue | Fishing Ship |
| 20:24 | Queue | Militia |
Build order — 海峡
First 150 of 281 actions detected
| 0:00 | Queue | Villager (Male) |
| 0:01 | Queue | Villager (Male) |
| 0:02 | Build | House |
| 0:03 | Build | House |
| 0:18 | Queue | Villager (Male) |
| 0:18 | Queue | Villager (Male) |
| 0:18 | Queue | Villager (Male) |
| 1:36 | Queue | Villager (Male) |
| 1:37 | Queue | Villager (Male) |
| 1:45 | Build | Settlement |
| 2:01 | Queue | Villager (Male) |
| 2:01 | Queue | Villager (Male) |
| 2:21 | Queue | Villager (Male) |
| 2:22 | Queue | Villager (Male) |
| 2:44 | Queue | Villager (Male) |
| 2:44 | Queue | Villager (Male) |
| 3:10 | Queue | Villager (Male) |
| 3:11 | Queue | Villager (Male) |
| 3:39 | Queue | Villager (Male) |
| 4:04 | Build | Dock |
| 4:15 | Queue | Villager (Male) |
| 4:15 | Queue | Villager (Male) |
| 4:15 | Queue | Villager (Male) |
| 4:35 | Queue | Villager (Male) |
| 4:35 | Queue | Villager (Male) |
| 4:35 | Queue | Villager (Male) |
| 4:41 | Queue | Fishing Ship |
| 4:41 | Queue | Fishing Ship |
| 4:41 | Queue | Fishing Ship |
| 4:53 | Queue | Villager (Male) |
| 4:53 | Queue | Villager (Male) |
| 5:27 | Queue | Villager (Male) |
| 5:27 | Queue | Villager (Male) |
| 5:29 | Queue | Fishing Ship |
| 6:05 | Queue | Fishing Ship |
| 6:10 | Queue | Villager (Male) |
| 6:26 | Queue | Villager (Male) |
| 6:38 | Queue | Fishing Ship |
| 6:39 | Queue | Fishing Ship |
| 7:05 | Queue | Villager (Male) |
| 7:16 | Research | Loom |
| 7:25 | Queue | Fishing Ship |
| 7:25 | Queue | Fishing Ship |
| 7:46 | Research | Feudal Age |
| 8:45 | Build | Barracks |
| 9:16 | Queue | Fishing Ship |
| 9:16 | Queue | Fishing Ship |
| 9:43 | Queue | Unit 2550 |
| 9:51 | Queue | Fishing Ship |
| 10:09 | Queue | Villager (Male) |
| 10:10 | Age | Feudal Age |
| 10:13 | Build | Barracks |
| 10:21 | Research | Double-Bit Axe |
| 10:23 | Queue | Villager (Male) |
| 10:25 | Research | Tech 1402 |
| 10:25 | Research | Tech 1402 |
| 10:35 | Research | Gold Mining |
| 10:35 | Research | Gold Mining |
| 10:41 | Queue | Villager (Male) |
| 10:43 | Build | House |
| 10:52 | Queue | Unit 2550 |
| 11:06 | Queue | Unit 2550 |
| 11:08 | Queue | Unit 2550 |
| 11:21 | Queue | Villager (Male) |
| 11:35 | Queue | Villager (Male) |
| 11:45 | Queue | Unit 2550 |
| 11:46 | Queue | Unit 2550 |
| 11:50 | Build | Blacksmith |
| 11:54 | Queue | Fishing Ship |
| 11:54 | Queue | Fishing Ship |
| 11:57 | Queue | Unit 2550 |
| 12:07 | Queue | Villager (Male) |
| 12:23 | Research | Arson |
| 12:24 | Research | Arson |
| 12:36 | Research | Scale Mail Armor |
| 12:36 | Research | Scale Mail Armor |
| 12:40 | Build | Settlement |
| 12:49 | Queue | Unit 2550 |
| 12:49 | Queue | Unit 2550 |
| 13:16 | Queue | Unit 2550 |
| 13:26 | Queue | Villager (Male) |
| 13:28 | Queue | Fishing Ship |
| 13:31 | Queue | Fishing Ship |
| 13:41 | Queue | Villager (Male) |
| 14:00 | Queue | Unit 2550 |
| 14:03 | Queue | Fishing Ship |
| 14:04 | Queue | Fishing Ship |
| 14:34 | Queue | Villager (Male) |
| 14:44 | Queue | Villager (Male) |
| 14:45 | Queue | Villager (Male) |
| 14:45 | Queue | Villager (Male) |
| 14:45 | Queue | Villager (Male) |
| 14:45 | Queue | Villager (Male) |
| 14:45 | Queue | Villager (Male) |
| 15:13 | Queue | Villager (Male) |
| 15:16 | Build | Dock |
| 15:22 | Build | Dock |
| 15:33 | Research | Arson |
| 15:33 | Research | Arson |
| 15:39 | Build | Settlement |
| 15:43 | Build | Settlement |
| 16:16 | Queue | Fishing Ship |
| 16:16 | Queue | Fishing Ship |
| 16:17 | Queue | Fishing Ship |
| 16:41 | Queue | Fishing Ship |
| 16:42 | Queue | Fishing Ship |
| 16:44 | Queue | Villager (Male) |
| 16:56 | Queue | Villager (Male) |
| 17:04 | Build | Market |
| 17:22 | Queue | Fishing Ship |
| 17:22 | Queue | Fishing Ship |
| 17:22 | Queue | Fishing Ship |
| 17:29 | Queue | Fishing Ship |
| 17:58 | Build | Barracks |
| 18:17 | Research | Castle Age |
| 18:17 | Research | Castle Age |
| 18:30 | Queue | Unit 2550 |
| 18:30 | Queue | Unit 2550 |
| 18:31 | Queue | Unit 2550 |
| 18:31 | Queue | Unit 2550 |
| 18:53 | Queue | Unit 2550 |
| 18:53 | Queue | Unit 2550 |
| 18:53 | Queue | Unit 2550 |
| 18:58 | Queue | Spearman |
| 19:00 | Build | Barracks |
| 19:01 | Queue | Fishing Ship |
| 19:01 | Queue | Fishing Ship |
| 19:01 | Queue | Fishing Ship |
| 19:23 | Queue | Unit 2550 |
| 19:23 | Queue | Unit 2550 |
| 19:24 | Queue | Unit 2550 |
| 19:27 | Build | House |
| 19:29 | Build | House |
| 19:29 | Build | House |
| 19:29 | Build | House |
| 19:29 | Build | House |
| 19:33 | Build | House |
| 19:37 | Queue | Unit 2550 |
| 19:37 | Queue | Unit 2550 |
| 19:50 | Research | Forging |
| 19:50 | Research | Forging |
| 19:50 | Research | Forging |
| 20:02 | Queue | Unit 2550 |
| 20:02 | Queue | Unit 2550 |
| 20:02 | Queue | Unit 2550 |
| 20:05 | Queue | Unit 2550 |
| 20:05 | Queue | Unit 2550 |
| 20:05 | Queue | Unit 2550 |
| 20:07 | Build | Barracks |
| 20:24 | Queue | Unit 2550 |
Match timeline
| 4:04 | 海峡 · first_building Dock |
| 4:55 | AE | TurRomanticoH · first_building Dock |
| 5:37 | AE | TurRomanticoH · wall_segment Palisade Wall x1 |
| 5:39 | AE | TurRomanticoH · wall_segment Palisade Wall x1 |
| 5:42 | AE | TurRomanticoH · wall_segment Palisade Wall x1 |
| 8:26 | AE | TurRomanticoH · wall_segment Palisade Wall x1 |
| 8:27 | AE | TurRomanticoH · wall_segment Palisade Wall x1 |
| 8:28 | AE | TurRomanticoH · wall_segment Palisade Wall x1 |
| 8:29 | AE | TurRomanticoH · wall_segment Palisade Wall x1 |
| 8:45 | 海峡 · first_building Barracks |
| 10:10 | 海峡 · age_up feudal |
| 10:55 | AE | TurRomanticoH · age_up feudal |
| 10:55 | AE | TurRomanticoH · wall_segment Palisade Wall x1 |
| 10:57 | AE | TurRomanticoH · wall_segment Palisade Wall x1 |
| 10:59 | AE | TurRomanticoH · wall_segment Palisade Wall x1 |
| 11:00 | AE | TurRomanticoH · wall_segment Palisade Wall x1 |
| 11:01 | AE | TurRomanticoH · wall_segment Palisade Wall x1 |
| 11:47 | AE | TurRomanticoH · wall_segment Palisade Wall x1 |
| 12:55 | AE | TurRomanticoH · first_building Barracks |
| 13:02 | AE | TurRomanticoH · wall_segment Palisade Wall x1 |
| 13:07 | AE | TurRomanticoH · wall_segment Palisade Wall x1 |
| 13:13 | AE | TurRomanticoH · wall_segment Palisade Wall x1 |
| 13:28 | AE | TurRomanticoH · wall_segment Palisade Wall x1 |
| 14:03 | AE | TurRomanticoH · wall_segment Palisade Wall x1 |
| 14:14 | AE | TurRomanticoH · wall_segment Palisade Wall x1 |
| 14:20 | AE | TurRomanticoH · wall_segment Palisade Wall x1 |
| 14:42 | AE | TurRomanticoH · wall_segment Palisade Wall x1 |
| 15:37 | AE | TurRomanticoH · wall_segment Palisade Wall x4 |
| 16:16 | AE | TurRomanticoH · wall_segment Palisade Wall x1 |
| 20:57 | 海峡 · age_up castle |
| 22:53 | AE | TurRomanticoH · wall_segment Palisade Wall x3 |
| 23:14 | 海峡 · first_market_sell 500 stone |
| 23:16 | 海峡 · first_market_buy 100 food |
| 23:19 | AE | TurRomanticoH · wall_segment Palisade Wall x1 |
| 23:29 | AE | TurRomanticoH · wall_segment Stone Wall x1 |
| 23:42 | AE | TurRomanticoH · wall_segment Stone Wall x1 |
| 23:55 | AE | TurRomanticoH · wall_segment Stone Wall x4 |
| 24:15 | AE | TurRomanticoH · first_building Stable |
| 24:55 | AE | TurRomanticoH · age_up castle |
| 24:58 | AE | TurRomanticoH · first_building Castle |
| 25:02 | AE | TurRomanticoH · wall_segment Stone Wall x1 |
| 26:33 | AE | TurRomanticoH · resign |
[ AI ANALYSIS · 1 CREDIT ]
What really happened in this match?
Wolo.gg analyzes every decision: build order, eco, micro, common mistakes by bracket. Personalized analysis on WhatsApp or Discord in 30 seconds.
Civ guide
Poles
Perfil
Jugador #3548374